 Dungeon Crawl Stone Soup version 0.24-a0-201-gf2055891f0 (webtiles) character file.

Game seed: 12704837637364190827

137 MrRokkomies the Chucker (level 5, -3/57 HPs)
             Began as an Ogre Hunter on Mar 21, 2019.
             Slain by a worm (8 damage)
             ... on level 2 of the Dungeon.
             The game lasted 00:03:58 (1183 turns).

MrRokkomies the Chucker (Ogre Hunter)               Turns: 1183, Time: 00:03:58

Health: -3/57      AC:  3    Str: 16    XL:     5   Next: 20%
Magic:  5/5        EV: 10    Int: 12    God:
Gold:   19         SH:  0    Dex: 16    Spells: 4/4 levels left

rFire    . . .     SeeInvis .   a - +1 short sword
rCold    . . .     Gourm    .   (no shield)
rNeg     . . .     Faith    .   b - +0 robe
rPois    .         Spirit   .   (helmet restricted)
rElec    .         Reflect  .   (no cloak)
rCorr    .         Harm     .   (gloves unavailable)
MR       .....                  (boots unavailable)
Stlth    ++........             (no amulet)
HPRegen  0.19/turn              g - +6 ring of dexterity
MPRegen  0.09/turn              (no ring)

@: lethally poisoned (-3 -> -6), hasted, very quick
A: large, unfitting armour, tough skin 1
a: no special abilities


You were on level 2 of the Dungeon.
You were not hungry.

You visited 1 branch of the dungeon, and saw 2 of its levels.

You collected 19 gold pieces.

Inventory:

Hand Weapons
 a - a +1 short sword (weapon)
Missiles
 c - 3 large rocks
 d - 2 throwing nets
 j - 27 stones (quivered)
Armour
 b - a +0 robe (worn)
Jewellery
 g - a +6 ring of dexterity (left hand)
Scrolls
 e - a scroll of teleportation
 h - a scroll of blinking
 n - a scroll of amnesia {unknown}
Potions
 i - a potion of haste
 k - a potion of might {unknown}
 m - a potion of magic {unknown}
Comestibles
 f - 2 rations
 l - 4 chunks of flesh


   Skills:
 * Level 5.2 Fighting
 * Level 5.3 Throwing
 - Level 1.7 Dodging
 - Level 0.6 Stealth


You had 4 spell levels left.
You didn't know any spells.
Your spell library was empty.

Dungeon Overview and Level Annotations

Branches:
Dungeon (2/15)

Altars:


Innate Abilities, Weirdness & Mutations

You are too large for most types of armour.
You have tough skin. (AC +1)


Message History

The worm bites you but does no damage.
You hit the worm.
The worm is severely wounded.
You feel sick. The worm bites you!
You hit the worm but do no damage.
The worm is severely wounded.
You feel sick.
You hit the worm.
The worm is severely wounded.
You feel sick. The worm bites you.
* * * LOW HITPOINT WARNING * * *
You hit the worm but do no damage.
The worm is severely wounded.
The worm bites you!
* * * LOW HITPOINT WARNING * * *
You hit the worm but do no damage.
The worm is severely wounded.
You feel sick.
It was a potion of haste.
You feel yourself speed up. The worm bites you!
You die...

..........####.........
##.......###.........
#.....†.............
#.....#..###........
####....###.###........
#...##### #..##........ #...#
##.##........
#########...########..#........
............gw@......>.........
......###...#########..........
................# ##......###
................# ##'########
###............# #..........
#.....w.)....# #..........
#....[.......# #..........
#............# #..........
#......(.....# #..........


You could see a worm and a hobgoblin.

Vanquished Creatures
  Jessica (D:2)
  Terence (D:2)
  3 adders (D:2)
  2 dart slugs (D:1)
  2 giant cockroaches (D:1)
  7 goblins
  5 hobgoblins (D:1)
  8 jackals
  3 kobolds (D:1)
  A quokka (D:2)
  7 bats
  4 frilled lizards
  11 rats
55 creatures vanquished.

Notes
Turn   | Place    | Note
-------+----------+-------------------------------------------
     0 | D:1      | MrRokkomies the Ogre Hunter began the quest for the Orb.
     0 | D:1      | Reached XP level 1. HP: 22/22 MP: 1/1
    98 | D:1      | Reached XP level 2. HP: 31/31 MP: 2/2
   397 | D:1      | Reached XP level 3. HP: 35/39 MP: 3/3
   891 | D:2      | Noticed Terence
   893 | D:2      | Killed Terence
   893 | D:2      | Reached XP level 4. HP: 49/49 MP: 4/4
  1033 | D:2      | Reached skill level 5 in Throwing
  1150 | D:2      | Noticed Jessica
  1156 | D:2      | Killed Jessica
  1156 | D:2      | Reached skill level 5 in Fighting
  1156 | D:2      | Reached XP level 5. HP: 57/57 MP: 5/5
  1183 | D:2      | Slain by a worm

Levels and vault maps discovered:
D:1:      saegor_arrival_simple_e, layout_loops_ring
D:2:      layout_basic, fedhas_altar_2, uniq_jessica, uniq_terence

Skill      XL: |  1  2  3  4 |
---------------+-------------+-----
Fighting       | 3 4 5 |  5.2
Throwing       | 5 |  5.3
Dodging        | |  1.7
Stealth        | |  0.6

Action                   |  1- 3 |  4- 6 || total
-------------------------+-------+-------++-------
Melee: Short sword       |   120 |    77 ||   197
Throw: Large rock        |     2 |     1 ||     3
       Stone             |       |     7 ||     7
  Use: Scroll            |     3 |       ||     3
       Potion            |       |     1 ||     1
 Stab: Sleeping          |     2 |       ||     2
  Eat: Chunk             |       |     1 ||     1
Armor: Robe              |    37 |    35 ||    72
Dodge: Dodged            |    72 |    67 ||   139

Table legend:
 A = Non-vault XP
 B = Vault XP
 C = Vault XP percentage of total XP
 D = Non-vault monster count
 E = Vault monster count
 F = Vault count percentage of total count
                 A         B        C        D         E       F
            +---------+---------+-------+---------+---------+-------
      Total |     123 |      73 |  37.2 |      53 |       2 |   3.6
            +---------+---------+-------+---------+---------+-------
        D:1 |      62 |       0 |   0.0 |      36 |       0 |   0.0
        D:2 |      61 |      73 |  54.5 |      17 |       2 |  10.5
            +---------+---------+-------+---------+---------+-------
